 Dungeon Crawl Stone Soup version 0.31.0-32-g396128a36d (webtiles) character file.

Game seed: 14254669530840065944

1629 PaiMei the Grave Robber (level 8, -5/58 (61) HPs)
             Began as a Demonspawn Necromancer on Apr 22, 2024.
             Slain by a phantom (6 damage)
             ... on level 6 of the Dungeon.
             The game lasted 00:14:10 (9474 turns).

PaiMei the Grave Robber (Demonspawn Necromancer)    Turns: 9474, Time: 00:14:10

HP:   -5/58 (61)    AC: 11    Str:  7 (10) XL:     8   Next: 65%
MP:   1/16          EV: 13    Int: 16 (17) God:
Gold: 370           SH:  0    Dex: 12 (13) Spells: 9/17 levels left

rFire   + + .        B - +2 glaive (heavy)
rCold   + . .        (shield currently unavailable)
rNeg    . . .        v - +2 leather armour {rF+}
rPois   +            d - +0 helmet
rElec   +            w - scarf {repulsion}
rCorr   +            (no gloves)
SInv    .            x - +1 pair of boots
Will    .....        (no amulet)
Stlth   ++           o - ring of resist corrosion
HPRegen 0.29/turn    (no ring)
MPRegen 0.15/turn

%: repel missiles
@: lethally poisoned (-5 -> -7), resistant, lightly drained
A: slimy green scales 2, foul stench 1
a: no special abilities


You were on level 6 of the Dungeon.
You visited 1 branch of the dungeon, and saw 6 of its levels.

You collected 370 gold pieces.

Inventory:

Hand Weapons
 l - a +1 dagger of speed
 B - a +2 heavy glaive (weapon)
Missiles
 j - 15 poisoned darts (quivered)
Armour
 d - a +0 helmet (worn)
 v - a +2 leather armour of fire resistance (worn)
 w - a scarf of repulsion (worn)
 x - a +1 pair of boots (worn)
Jewellery
 o - a ring of resist corrosion (left hand)
 A - an amulet of magic regeneration
 D - a ring of ice
Wands
 a - a wand of polymorph (6)
 p - a wand of paralysis (2)
Scrolls
 e - a scroll of butterflies {unknown}
 h - 2 scrolls of identify {unknown}
 i - a scroll of silence {unknown}
 n - a scroll of fear {unknown}
 u - 2 scrolls of noise {unknown}
 y - a scroll of fog {unknown}
 C - 2 scrolls of amnesia {unknown}
Potions
 b - a potion of magic
 k - a potion of brilliance
 z - a potion of heal wounds {unknown}


   Skills:
 + Level 4.3 Fighting
 + Level 5.3 Dodging
 - Level 3.4 Stealth
 + Level 5.3 Spellcasting
 + Level 7.4 Necromancy


You had 9 spell levels left.
You knew the following spells:

 Your Spells              Type           Power      Damage    Failure   Level
a - Necrotise             Necr           100%       1d9       1%          1
b - Vampiric Draining     Necr           28%        2d8       3%          3
c - Animate Dead          Necr           28%        N/A       11%         4

Your spell library contained the following spells:

 Spells                   Type           Power      Damage    Failure   Level
 Curse of Agony           Necr           28%        N/A       28%         5
 Gell's Gravitas          Tloc           4%         N/A       54%         3
 Teleport Other           Tloc           4%         N/A       54%         3
 Dispersal                Tloc           2%         N/A       100%        6


Dungeon Overview and Level Annotations

Branches:
Dungeon (6/15)             Temple (0/1) D:5

Altars:
Ashenzari
Kikubaaqudgha
Qazlal
Uskayaw

Annotations:
D:6 Jeremiah


Innate Abilities, Weirdness & Mutations

You are mostly covered in slimy green scales. (AC +3)
You may rarely emit foul miasma when damaged in melee.


Message History

The haze of the repulsion field disappears.
You feel less resistant to fire.
Your roots penetrate the ground.
You feel sick.
The phantom hits you but does no damage.
It was a potion of haste.
You feel yourself speed up.
You feel sick.
The phantom hits you but does no damage.
The kobold brigand hits you but does no damage.
It was a potion of invisibility.
You fade into invisibility!
You feel sick. The phantom hits you.
* * * LOW HITPOINT WARNING * * *
You emit a cloud of foul miasma!
The kobold brigand hits you but does no damage.
It was a potion of degeneration.
There was something very wrong with that liquid.
You feel weakened.
You feel dopey.
You feel clumsy.
You feel sick.
It was a potion of enlightenment.
Your roots keep you in place.
The phantom hits you but does no damage.
The kobold brigand hits you but does no damage.
It was a potion of cancellation.
Your magical effects are unravelling.
You feel magically purged.
You feel less wooden.
Your scarf of repulsion unmelds from your body.
Your +0 helmet unmelds from your body.
Your +1 pair of boots unmelds from your body.
Your +2 leather armour of fire resistance unmelds from your body.
You are surrounded by a repulsion field.
You feel resistant to fire.
You feel yourself slow down.
You flicker back into view.
You feel a little less clever now.
Your enlightenment fades.
You feel sick. The phantom misses you.
The kobold brigand hits you with a +0 short sword.
* * * LOW HITPOINT WARNING * * *
It was a potion of resistance.
You feel protected.
* * * LOW HITPOINT WARNING * * *
You feel sick. The phantom hits you.
You die...

#....#
.##...#
####..
...#.
.#....#
###.. ..#
..#...##
#.... #...#
#....
#...#..Fbb#
#..[.
#...#..b..#
#....
#...#b$⌠..#
#...#
#...#..b..#
#....
#.@W#...bb#
#..[.
#.K.#.b...#
#....
#..b##KS§#
#....
#.bbF#b§b#
#....
##.b.#.b.#
##....
#.b....##
#.....
#..b.b.#
##.(..
#⌠b.####
#.....
#####
#...).


You could see Jeremiah, a kobold brigand and a phantom.

Vanquished Creatures
  Maggie (D:6)
  A steam dragon (D:6)
  A water moccasin (D:6)
  An ice beast (D:5)
  2 ogres (D:6)
  A bullfrog (D:6)
  3 scorpions
  A killer bee (D:4)
  A howler monkey (D:5)
  2 jellies
  A hound (D:5)
  3 sleepcaps
  3 iguanas
  An orc wizard (D:3)
  10 gnolls
  5 adders
  3 ribbon worms
  5 dart slugs
  7 orcs
  4 ball pythons
  14 endoplasms
  3 giant cockroaches
  11 goblins
  8 hobgoblins
  8 kobolds
  8 quokkas
  3 bats
  3 frilled lizards
  6 rats
120 creatures vanquished.

Vanquished Creatures (collateral kills)
  A dart slug (D:3)
  2 giant cockroaches
  A hobgoblin (D:4)
  A rat (D:3)
5 creatures vanquished.

Grand Total: 125 creatures vanquished

Notes
Turn   | Place    | Note
-------+----------+-------------------------------------------
     0 | D:1      | PaiMei the Demonspawn Necromancer began the quest for the
                  | Orb.
     0 | D:1      | Reached XP level 1. HP: 13/13 MP: 3/3
   240 | D:1      | Gained mutation: You are partially covered in slimy green
                  | scales. (AC +2) [demonic ancestry]
   240 | D:1      | Reached XP level 2. HP: 19/19 MP: 0/5
  1106 | D:1      | Reached XP level 3. HP: 24/24 MP: 3/6
  2435 | D:2      | Gained mutation: You may rarely emit foul miasma when
                  | damaged in melee. [demonic ancestry]
  2435 | D:2      | Reached XP level 4. HP: 23/30 MP: 2/7
  2555 | D:2      | Reached skill level 5 in Necromancy
  3760 | D:3      | Reached XP level 5. HP: 15/35 MP: 1/9
  4441 | D:3      | Found a stormy altar of Qazlal.
  4444 | D:3      | Noticed a fire elemental
  4444 | D:3      | Noticed a water elemental
  4445 | D:3      | Noticed an air elemental
  5324 | D:4      | Learned a level 3 spell: Vampiric Draining
  5329 | D:4      | Learned a level 4 spell: Animate Dead
  5337 | D:4      | Gained mutation: You are mostly covered in slimy green
                  | scales. (AC +3) [demonic ancestry]
  5337 | D:4      | Reached XP level 6. HP: 42/42 MP: 6/11
  5500 | D:4      | Identified the +0 robe "Ablaingi" {rPois}
  5714 | D:4      | Reached skill level 1 in Fighting
  6447 | D:5      | Entered Level 5 of the Dungeon
  6910 | D:5      | Reached skill level 6 in Necromancy
  6910 | D:5      | Reached XP level 7. HP: 46/49 MP: 3/12
  7443 | D:5      | Found an ancient bone altar of Kikubaaqudgha.
  7573 | D:5      | Found a staircase to the Ecumenical Temple.
  7591 | D:5      | Found a broken altar of Ashenzari.
  8118 | D:6      | Noticed a +0 hand axe
  8118 | D:6      | Noticed a +0 hand axe
  8118 | D:6      | Found a hide-covered altar of Uskayaw.
  8424 | D:6      | Noticed Maggie
  8466 | D:6      | Reached XP level 8. HP: 58/58 MP: 6/14
  8654 | D:6      | Reached skill level 7 in Necromancy
  8786 | D:6      | Killed Maggie
  8787 | D:6      | Reached skill level 5 in Dodging
  8787 | D:6      | Reached skill level 5 in Spellcasting
  9021 | D:6      | Noticed Jeremiah
  9459 | D:6      | HP: 1/57 [Jeremiah/divine providence (14)]
  9473 | D:6      | HP: 2/58 [kobold brigand/+0 short sword (3)]
  9474 | D:6      | Slain by a phantom

Illustrated notes

Levels and vault maps discovered:
D:1:      psy_arrival_radial01, layout_basic
D:2:      layout_basic
D:3:      layout_basic, nicolae_qazlal_style_of_elements,
          nicolae_underground_beach
D:4:      minmay_clustersquares, layout_loops_ring
D:5:      layout_gridville, nicolae_ashenzari_skybound, zin_angel,
          kiku_gazebo_pond_becter, minmay_temple_entry_wispy, uniq_grinder
D:6:      kennysheep_spiral_hall, layout_cave_pools, dancing_weapons_uskayaw,
          overflow_temple_1_default, uniq_maggie, uniq_jeremiah

Skill      XL: |  1  2  3  4  5  6  7  8 |
---------------+-------------------------+-----
Stealth        | 2 3 |  3.4
Dodging        | 2 3 4 5 |  5.3
Necromancy     | 5 6 7 |  7.4
Spellcasting   | 3 4 5 |  5.3
Fighting       | 1 3 4 |  4.3

Action                     |  1- 3 |  4- 6 |  7- 9 || total
---------------------------+-------+-------+-------++-------
  Melee: Club              |    31 |       |       ||    31
         Dagger            |    16 |    98 |    18 ||   132
         Punch             |       |     3 |       ||     3
         Glaive            |       |       |     7 ||     7
   Cast: Necrotise         |    80 |   127 |    40 ||   247
         Vampiric Draining |       |    14 |    34 ||    48
  Evoke: Wand              |       |     4 |     1 ||     5
    Use: Potion            |       |       |     9 ||     9
   Stab: Distracted        |       |     1 |       ||     1
         Paralysed         |       |       |     2 ||     2
 Armour: Robe              |    29 |    23 |       ||    52
         Leather armour    |       |    54 |    42 ||    96
         Skin              |       |       |     7 ||     7
  Dodge: Dodged            |    48 |    49 |    46 ||   143
         Repelled          |       |       |     1 ||     1
